 Dungeon Crawl Stone Soup version 0.23-a0-143-g1adec7b (webtiles) character file.

1398 Amnesiac the Bolt Thrower (level 8, -6/64 HPs)
             Began as a Mummy Arcane Marksman on Sept 2, 2018.
             Mangled by Sigmund
             ... wielding a +0 scythe
              (17 damage)
             ... on level 6 of the Dungeon.
             The game lasted 00:07:00 (6690 turns).

Amnesiac the Bolt Thrower (Mummy Arcane Marksman)   Turns: 6690, Time: 00:07:01

Health: -6/64      AC: 11    Str: 15    XL:     8   Next: 41%
Magic:  10/10      EV:  4    Int: 13    God:
Gold:   302        SH:  0    Dex: 12    Spells: 8/9 levels left

rFire    . . .     SeeInvis .   b - +3 quarterstaff (chaos)
rCold    + + .     Gourm    .   (shield currently unavailable)
rNeg     + + +     Faith    .   f - +0 plate armour
rPois    ∞         Spirit   .   (no helmet)
rElec    .         Reflect  .   m - scarf {rC+ rF+}
rCorr    .         Harm     .   (no gloves)
MR       +....                  j - +0 pair of boots
Stlth    ..........             i - amulet of regeneration
HPRegen  0.60/turn              q - ring of stealth
MPRegen  0.12/turn              (no ring)

@: about to teleport
A: no food or potions, fire vulnerability, cold resistance 1, negative energy
resistance 3, torment resistance, unbreathing
a: no special abilities


You were on level 6 of the Dungeon.
You were not hungry.

You visited 1 branch of the dungeon, and saw 6 of its levels.

You collected 302 gold pieces.

Inventory:

Hand Weapons
 a - a +0 hand crossbow
 b - a +3 quarterstaff of chaos (weapon)
 k - a +0 spear
Missiles
 d - 38 bolts
Armour
 f - a +0 plate armour (worn)
 h - a +0 cloak
 j - a +0 pair of boots (worn)
 m - a scarf of resistance (worn)
Jewellery
 i - an amulet of regeneration (around neck)
 q - a ring of stealth (left hand)
Scrolls
 c - 2 scrolls of teleportation {!r}
 e - a scroll of magic mapping {!r}
 g - 2 scrolls of remove curse {!r}
 l - 2 scrolls of fog {!r}
 n - a scroll of amnesia {!r}
 o - a scroll of fear {!r, unknown}
 p - a scroll of blinking {!r}


   Skills:
 + Level 5.8 Fighting
 * Level 7.1 Crossbows
 - Level 1.5 Armour
 - Level 1.5 Dodging
 - Level 1.3 Spellcasting
 - Level 2.6 Hexes


You had 8 spell levels left.
You knew the following spells:

 Your Spells              Type           Power        Failure   Level  Hunger
a - Corona                Hex            #......      100%        1    N/A

Your spell library contained the following spells:

 Spells                   Type           Power        Failure   Level  Hunger
 Slow                     Hex            #.......     100%        2    N/A
 Inner Flame              Hex/Fire       #.......     100%        3    N/A
 Portal Projectile        Hex/Tloc       #.....       100%        3    N/A
 Cause Fear               Hex            #.........   100%        4    N/A
 Leda's Liquefaction      Hex/Erth       #.........   100%        4    N/A

Dungeon Overview and Level Annotations

Branches:
Dungeon (6/15)
 Temple: D:4-7

Altars:
Cheibriados
Gozag
Nemelex Xobeh
Qazlal
Trog
Uskayaw
Vehumet

Shops:
D:5 *

Annotations:
D:6 Sigmund


Innate Abilities, Weirdness & Mutations

You do not eat or drink.
Your flesh is vulnerable to fire.
You are immune to poison.
Your flesh is cold resistant. (rC+)
You are immune to negative energy. (rN+++)
You are immune to unholy pain and torment.
You can survive without breathing.


Message History

A scorpion is nearby!
Sigmund the Dreaded comes into view.
He is wielding a scythe.
Sigmund shouts!
Found a stone staircase leading down.
You see here 21 stones.
There is an open door here.
You hit the scorpion.
The scorpion seems to slow down.
The scorpion is lightly wounded.
The scorpion is no longer moving slowly.
The scorpion barely misses you.
You hit the scorpion. You freeze the scorpion.
The scorpion is lightly wounded.
The scorpion stings you.
You hit the scorpion. You drain the scorpion!
The scorpion is heavily wounded.
The scorpion stings you. Sigmund hits you but does no damage.
Your plate armour prevents you from hitting the scorpion.
The scorpion is heavily wounded.
The scorpion completely misses you.
The scorpion stings you but does no damage.
You hit the scorpion. You freeze the scorpion.
The scorpion is almost dead.
The scorpion stings you.
Sigmund mumbles some strange words.
Sigmund flickers and vanishes!
Deactivating autopickup; reactivate with Ctrl-A.
You hit the scorpion.
The scorpion seems to slow down.
The scorpion is almost dead.
The scorpion stings you but does no damage.
You hit the scorpion. You burn the scorpion.
You kill the scorpion!
Something hits you but does no damage. Something hits you!
You see here a scorpion corpse.
You sock something!
Your plate armour prevents you from hitting something.
Something hits you!
You hit something.
You hear some strange, mumbled words.
A magic dart appears from out of thin air!
The magic dart hits you! Something hits you but does no damage.
You sock something! You burn something. You hit something.
Something hits you but does no damage.
Your plate armour prevents you from hitting something.
You hear some strange, mumbled words.
A magic dart appears from out of thin air!
The magic dart hits you!
You closely miss something. Something hits you.
Your plate armour prevents you from hitting something.
Something hits you but does no damage.
You closely miss something. Something hits you!
* * * LOW HITPOINT WARNING * * *
You miss something. Something hits you but does no damage.
You miss something. Something hits you!
* * * LOW HITPOINT WARNING * * *
You hit something but do no damage. Something hits you!
* * * LOW HITPOINT WARNING * * *
You miss something. Something hits you!
* * * LOW HITPOINT WARNING * * *
Really read
c - 3 scrolls of teleportation {!r}?
As you read the scroll of teleportation {!r}, it crumbles to dust.
You feel strangely unstable. Something hits you!
You die...

#.........#......
#....
#.........#....[.
#.... #.........#.....
#.... #.........##...#
##....
######.....#...##
#..... +.....#....+
#..... #.....#.(..#
#..... #..%..#....#
#.....
#....@##'########.....
#.....†{.........#####
#................#
#................#
#................#
#................#
#########........#
#........# #......<.#


There were no monsters in sight!

Vanquished Creatures
  An ice beast (D:5)
  A phantom (D:4)
  A sky beast (D:5)
  A centaur (D:5)
  4 ogres
  A bullfrog (D:6)
  2 scorpions
  A crimson imp (D:5)
  2 hounds
  An orc priest (D:5)
  Crazy Yiuf (D:2)
  A centaur skeleton (D:5)
  An orc wizard (D:4)
  2 worker ants
  2 hound skeletons
  A howler monkey zombie (D:5)
  3 gnolls (D:5)
  12 adders
  2 shadow imps
  An ooze (D:1)
  4 worms
  4 dart slugs (D:1)
  2 leopard geckos
  11 orcs
  2 giant cockroaches
  6 goblins
  7 hobgoblins
  5 jackals
  4 kobolds
  2 quokkas (D:2)
  2 ball pythons
  4 bats
  6 frilled lizards
  5 rats
105 creatures vanquished.

Vanquished Creatures (others)
  An orc (D:4)
1 creature vanquished.

Grand Total: 106 creatures vanquished

Notes
Turn   | Place    | Note
-------+----------+-------------------------------------------
     0 | D:1      | Amnesiac the Mummy Arcane Marksman began the quest for the
                  | Orb.
     0 | D:1      | Reached XP level 1. HP: 15/15 MP: 2/2
   199 | D:1      | Reached skill level 2 in Crossbows
   199 | D:1      | Reached XP level 2. HP: 21/21 MP: 4/4
   530 | D:1      | Reached XP level 3. HP: 22/27 MP: 5/5
  1525 | D:2      | Found a runed door.
  1921 | D:2      | Reached skill level 3 in Crossbows
  1983 | D:2      | Reached XP level 4. HP: 27/33 MP: 6/6
  2629 | D:2      | Noticed Crazy Yiuf
  2641 | D:2      | Killed Crazy Yiuf
  3222 | D:3      | Reached XP level 5. HP: 39/40 MP: 7/7
  3454 | D:3      | Found a hide-covered altar of Uskayaw.
  3455 | D:3      | Found an opulent altar of Gozag.
  3457 | D:3      | Found a stormy altar of Qazlal.
  3458 | D:3      | Found a snail-covered altar of Cheibriados.
  3459 | D:3      | Found a radiant altar of Vehumet.
  3460 | D:3      | Found a bloodstained altar of Trog.
  3868 | D:4      | Reached skill level 4 in Crossbows
  3990 | D:4      | Reached XP level 6. HP: 42/47 MP: 8/8
  4069 | D:4      | Reached skill level 1 in Armour
  4594 | D:4      | Reached skill level 5 in Crossbows
  4594 | D:4      | Reached XP level 7. HP: 51/54 MP: 9/9
  5083 | D:4      | Found a sparkling altar of Nemelex Xobeh.
  5136 | D:5      | Entered Level 5 of the Dungeon
  5555 | D:5      | Found Zuenalu's General Store.
  5572 | D:5      | Reached skill level 6 in Crossbows
  5674 | D:5      | Reached skill level 5 in Fighting
  5699 | D:5      | Reached XP level 8. HP: 41/62 MP: 10/10
  6609 | D:6      | Reached skill level 7 in Crossbows
  6661 | D:6      | Noticed Sigmund
  6690 | D:6      | Mangled by Sigmund

Vault maps used:
D:1:      matt_arrival_los_fun
D:2:      minmay_strange_pillars, uniq_crazy_yiuf_cottage
D:3:      wad_crossroads, grunt_temple_overflow_open
D:4:      minmay_misc_feat_four_crosses, nemelex_diamond_rough_becter
D:5:      serial_shops, shop_fountains, first_ration
D:6:      uniq_sigmund

Skill      XL: |  1  2  3  4  5  6  7  8 |
---------------+-------------------------+-----
Crossbows      | 2 3 4 5 6 7 |  7.1
Fighting       | 2 3 4 5 |  5.8
Armour         | 1 |  1.5
Dodging        | |  1.5
Spellcasting   | |  1.3
Hexes          | |  2.6

Action                   |  1- 3 |  4- 6 |  7- 9 || total
-------------------------+-------+-------+-------++-------
Melee: Dagger            |   111 |    50 |       ||   161
       Unarmed           |    24 |       |       ||    24
       Quarterstaff      |       |   121 |   122 ||   243
 Fire: Hand crossbow     |    54 |    11 |    15 ||    80
  Use: Scroll            |       |     5 |     5 ||    10
Armor: Ring mail         |    60 |    20 |       ||    80
       Chain mail        |       |    57 |       ||    57
       Plate armour      |       |    23 |   100 ||   123
Dodge: Dodged            |   100 |    47 |    28 ||   175

Table legend:
 A = Non-vault XP
 B = Vault XP
 C = Vault XP percentage of total XP
 D = Non-vault monster count
 E = Vault monster count
 F = Vault count percentage of total count
                 A         B        C        D         E       F
            +---------+---------+-------+---------+---------+-------
      Total |    1950 |      48 |   2.4 |     101 |       5 |   4.7
            +---------+---------+-------+---------+---------+-------
        D:1 |      46 |       0 |   0.0 |      19 |       0 |   0.0
        D:2 |      77 |      40 |  34.2 |      20 |       1 |   4.8
        D:3 |      98 |       8 |   7.5 |      20 |       4 |  16.7
        D:4 |     602 |       0 |   0.0 |      15 |       0 |   0.0
        D:5 |     675 |       0 |   0.0 |      19 |       0 |   0.0
        D:6 |     452 |       0 |   0.0 |       8 |       0 |   0.0
            +---------+---------+-------+---------+---------+-------
